 Dungeon Crawl Stone Soup version 0.30-a0-462-gd5975efbca (webtiles) character file.

Game seed: 146379244783886980

203 experimilk the Conjurer (level 5, 0/38 HPs)
             Began as a Draconian Conjurer on Dec 16, 2022.
             Slain by Ijyb
             ... wielding a +3 vampiric dagger
              (7 damage)
             ... on level 3 of the Dungeon.
             The game lasted 00:06:58 (4056 turns).

experimilk the Conjurer (Draconian Conjurer)        Turns: 4056, Time: 00:06:58

Health: 0/38       AC:  5    Str:  9    XL:     5   Next: 51%
Magic:  1/8        EV: 12    Int: 21    God:
Gold:   161        SH:  0    Dex:  9    Spells: 1/8 levels left

rFire   . . .      SeeInvis .    d - +0 short sword
rCold   . . .      Faith    .    (no shield)
rNeg    . . .      Spirit   .    (body armour unavailable)
rPois   .          Reflect  .    (helmet restricted)
rElec   .          Harm     .    (no cloak)
rCorr   .          Rampage  .    (no gloves)
Will    +....                    (no boots)
Stlth   ++........               (no amulet)
HPRegen 0.26/turn                c - ring of willpower
MPRegen 0.11/turn                (no ring)

@: mighty
A: AC +5, unfitting armour, cold-blooded
a: no special abilities


You were on level 3 of the Dungeon.
You visited 1 branch of the dungeon, and saw 3 of its levels.
You also visited: Sewer.

You collected 161 gold pieces.

Inventory:

Hand Weapons
 b - a +0 dagger
 d - a +0 short sword (weapon)
 m - a +2 club
Armour
 p - a +0 kite shield
Magical Staves
 j - a staff of fire
Jewellery
 c - a ring of willpower (left hand)
Scrolls
 e - a scroll of blinking
 h - a scroll of poison {unknown}
 l - a scroll of fog {unknown}
 n - 5 scrolls of magic mapping
 o - a scroll of brand weapon {unknown}
 r - a scroll of amnesia {unknown}
 s - 2 scrolls of teleportation {unknown}
 u - a scroll of enchant armour {unknown}
 v - a scroll of fear {unknown}
Potions
 a - a potion of lignification {unknown}
 f - a potion of might
 g - a potion of degeneration {unknown}
 i - a potion of attraction {unknown}
 k - 2 potions of heal wounds {unknown}
 q - 2 potions of flight {unknown}
 t - a potion of curing {unknown}


   Skills:
 - Level 1.7 Dodging
 - Level 1.7 Stealth
 - Level 2.0 Spellcasting
 + Level 6.9 Conjurations


You had one spell level left.
You knew the following spells:

 Your Spells              Type           Power      Damage    Failure   Level
a - Magic Dart            Conj           100%       1d8       1%          1
x - Iskenderun's Mystic   Conj/Tloc      16%        2d5       34%         4
z - Searing Ray           Conj           62%        2d6       1%          2

Your spell library contained the following spells:

 Spells                   Type           Power      Damage    Failure   Level
 Dazzling Flash           Conj/Hex       32%        N/A       11%         3
 Blink                    Tloc           4%         N/A       22%         2
 Fulminant Prism          Conj/Hex       8%         3d7       34%         4
 Manifold Assault         Tloc           2%         N/A       82%         4
 Storm Form               Tmut/Air       1%         N/A       100%        7


Dungeon Overview and Level Annotations

Branches:
Dungeon (3/15)              Sewer (visited)

Altars:
Dithmenos
Hepliaklqana
Wu Jian

Annotations:
D:3 Ijyb


Innate Abilities, Weirdness & Mutations

Your plain brown scales are hard. (AC +5)
You cannot fit into any form of body armour.
You are cold-blooded and may be slowed by cold attacks.


Message History

Ijyb is lightly wounded.
Ijyb hits you but does no damage.
Okay, then.
You hit Ijyb.
Ijyb is lightly wounded.
Ijyb hits you but does no damage.
You hit Ijyb.
Ijyb is moderately wounded.
Ijyb completely misses you.
You barely miss Ijyb. You tail-slap Ijyb, but do no damage.
Ijyb is moderately wounded.
Ijyb hits you with a +3 vampiric dagger.
It was a potion of might.
You feel very mighty all of a sudden.
Ijyb hits you with a +3 vampiric dagger.
Ijyb draws strength from your wounds!
You barely miss Ijyb.
Ijyb is lightly wounded.
Ijyb hits you with a +3 vampiric dagger.
You barely miss Ijyb.
Ijyb is lightly wounded.
Ijyb hits you with a +3 vampiric dagger.
You barely miss Ijyb. You tail-slap Ijyb.
Ijyb is lightly wounded.
Ijyb hits you with a +3 vampiric dagger.
Ijyb draws strength from your wounds!
You hit Ijyb.
Ijyb is lightly wounded.
Ijyb barely misses you.
You puncture Ijyb!
Your tail-slap misses Ijyb.
Ijyb is severely wounded.
Ijyb hits you with a +3 vampiric dagger.
* * * LOW HITPOINT WARNING * * *
You hit Ijyb. You tail-slap Ijyb.
Ijyb is almost dead.
Ijyb misses you.
You completely miss Ijyb.
Ijyb is almost dead.
Ijyb hits you with a +3 vampiric dagger!
You die...

#...........# ##.#### #.#
.....#.###### #.# #.## .......##
####.# #..# #.####..## #.>..#
##.# ###~~##'.## #.#### #.#
'~~~~~~#..# #.# ###.# '~~~~~~#..#
##.## #...#
###~~##'..###...###########...###
#.####...'.....g@................
..†......####...#.#########...###
#.......## ##.##.# #..##
##.....## ####.# #.## ..#...##
#.# #.# #.##+## #.# #.# #.##.#
#.# #.# #.##.# #.# ##.# #.##.####
#.# #..#


You could see Ijyb.

Vanquished Creatures
  Robin (D:3)
  5 gnolls
  4 adders
  3 river rats
  An orc (D:3)
  6 ball pythons
  7 bats
  2 endoplasms
  4 giant cockroaches
  18 goblins
  6 hobgoblins
  2 jackals (D:2)
  4 kobolds
  3 quokkas (D:3)
  7 frilled lizards
  8 rats
81 creatures vanquished.

Notes
Turn   | Place    | Note
-------+----------+-------------------------------------------
     0 | D:1      | experimilk the Draconian Conjurer began the quest for the
                  | Orb.
     0 | D:1      | Reached XP level 1. HP: 14/14 MP: 3/3
   381 | D:1      | Reached XP level 2. HP: 20/20 MP: 1/5
   384 | D:1      | Learned a level 2 spell: Searing Ray
  1019 | D:1      | Reached skill level 5 in Conjurations
  1121 | D:2      | Reached XP level 3. HP: 26/26 MP: 3/6
  1747 | D:2      | Found a faded altar of an unknown god.
  2106 | D:3      | Noticed Robin
  2110 | D:3      | Killed Robin
  2255 | D:3      | Reached XP level 4. HP: 33/33 MP: 5/7
  2284 | D:3      | Noticed Ijyb
  2536 | D:3      | Reached skill level 6 in Conjurations
  2660 | D:3      | Reached XP level 5. HP: 38/38 MP: 2/8
  2665 | D:3      | Found a glowing drain.
  2669 | Sewer    | Entered a sewer
  3303 | D:3      | Learned a level 4 spell: Iskenderun's Mystic Blast
  3548 | D:3      | Noticed a shadow
  3549 | D:3      | Found a shadowy altar of Dithmenos.
  3551 | D:3      | Found a hazy altar of Hepliaklqana.
  3995 | D:3      | Found an ornate altar of the Wu Jian Council.
  4056 | D:3      | Slain by Ijyb

Illustrated notes

Levels and vault maps discovered:
D:1:      psy_arrival_basics, layout_rooms, minmay_misc_feat_four_crosses,
          wad_floor_pattern_2, st_stairs_9
D:2:      layout_loops_ring, nicolae_ecumenical_lake_church
D:3:      layout_loops_corners, riverfiend_overflow_shadow_ancestor,
          nicolae_wu_jian_glorious_leap, gup_sewer_entry_bowl, minmay_ruptured,
          uniq_robin, uniq_ijyb

Skill      XL: |  1  2  3  4 |
---------------+-------------+-----
Conjurations   | 5 6 |  6.9
Dodging        | |  1.7
Stealth        | |  1.7
Spellcasting   | |  2.0

Action                   |  1- 3 |  4- 6 || total
-------------------------+-------+-------++-------
Melee: Unarmed           |     8 |       ||     8
       Tailslap          |     2 |     3 ||     5
       Short sword       |    20 |    15 ||    35
 Cast: Magic Dart        |    68 |    33 ||   101
       Searing Ray       |     5 |    16 ||    21
  Use: Potion            |     1 |     1 ||     2
       Scroll            |       |     2 ||     2
Armor: Skin              |    13 |     9 ||    22
Dodge: Dodged            |    22 |    25 ||    47

Table legend: (Time is in decaauts)
 A = Elapsed time spent in this place.
 B = Non-inter-level travel time spent in this place.
 C = Inter-level travel time spent in this place.
 D = Time resting spent in this place.
 E = Time spent auto-exploring this place.
 F = Levels seen in this place.
 G = Mean time per level.
                   A        B        C        D        E       F      G
               +--------+--------+--------+--------+--------+-----+--------+
         Total |   4114 |   4054 |     60 |    486 |   3059 |   4 | 1028.5 |
       Dungeon |   3437 |   3377 |     60 |    352 |   2607 |   3 | 1145.7 |
         Sewer |    676 |    676 |      0 |    134 |    451 |   1 |  676.0 |
               +--------+--------+--------+--------+--------+-----+--------+

Top non-repeatable levels by time:
     D:3: 1196 daAuts
     D:2: 1142 daAuts
     D:1: 1099 daAuts
   Sewer: 676 daAuts
